Map: [ESL] Data-C

Players

DPGDark (Dark) - Winner!

  • Race: Zerg Zerg
  • League: Master
  • Spawn Location: 3:00

Maru

  • Race: Terran Terran
  • League: Master
  • Spawn Location: 9:00

VOD

Have the link to the VOD?

Description

Time

  • Played on: Nov. 6, 2022, 8:45 a.m.
  • Length: 7:26
Show
View Real Time Build Order
Export as new Build Order

DPGDark Zerg - Winner!

Build Orders: Hatch First 

Get SALT Encoding   

  12  0:00  Drone  
  13  0:12  Overlord  
  13  0:17  Drone  
  14  0:30  Drone x2  
  16  0:49  Hatchery  
  15  0:51  Drone  
  15  0:56  Drone  
  17  0:58  Drone  
  18  1:10  Extractor  
  17  1:14  Spawning Pool  
  17  1:17  Drone  
  17  1:20  Drone  
  18  1:28  Drone  
  19  1:41  Drone  
  20  1:49  Drone  
  21  2:00  Queen  
  21  2:01  Queen  
  25  2:03  Zergling x4  
  27  2:11  Overlord  
  27  2:12  Drone  
  28  2:22  Drone, Extractor  
  29  2:30  Drone  
  29  2:32  Drone  
  29  2:33  Drone  
  29  2:36  Queen x2  
  35  2:47  Overlord  
  35  2:48  Drone  
  36  2:56  Hatchery  
  35  2:59  Drone  
  36  3:06  Drone x3  
  39  3:14  Drone  
  39  3:16  Drone  
  41  3:21  Queen  
  41  3:23  Overlord  
  41  3:24  Drone  
  44  3:28  Roach Warren  
  44  3:31  Extractor  
  42  3:35  Drone x2  
  44  3:41  Overlord  
  44  3:42  Metabolic Boost  
  44  3:43  Drone  
  44  3:46  Drone  
  44  3:48  Drone  
  47  3:50  Overlord  
  47  3:53  Drone  
  47  3:54  Drone  
  49  3:59  Extractor  
  49  4:02  Drone x2  
  54  4:10  Roach x4  
  54  4:15  Roach  
  60  4:22  Roach x3  
  66  4:28  Overlord x2  
  66  4:37  Overlord  
  66  4:47  Zergling x14, Roach  
  66  4:52  Zergling x6  
  78  4:54  Zergling x2  
  78  4:56  Zergling x2  
  80  5:02  Zergling x6  
  80  5:05  Ravager x3  
  80  5:06  Ravager  
  87  5:08  Zergling x2, Ravager  
  87  5:11  Zergling x2  
  90  5:17  Overlord  
  90  5:24  Overlord  
  89  5:35  Zergling x14  
  84  5:40  Zergling x2, Ravager x2  
  84  5:41  Zergling x8  
  81  5:48  Zergling x2  
  81  5:49  Zergling x6  
  85  5:51  Ravager  
  85  5:53  Zergling x4  
  89  5:57  Zergling x4  
  89  5:59  Zergling x2  
  89  6:00  Zergling x2  
  92  6:04  Zergling x2  
  91  6:12  Zergling x2  
  91  6:13  Zergling x6  
  95  6:25  Zergling x8  
  92  6:28  Zergling x4  
  92  6:29  Zergling x4  
  89  6:34  Zergling x4  
  89  6:39  Zergling x4  
  90  6:50  Zergling x14  
  95  6:58  Zergling x10  
Show
View Real Time Build Order
Export as new Build Order

Maru Terran 

Build Orders: Reaper Expand 

Get SALT Encoding   

  12  0:00  SCV  
  13  0:12  SCV  
  14  0:17  Supply Depot  
  14  0:24  SCV  
  15  0:39  SCV  
  15  0:40  Barracks  
  16  0:42  Refinery  
  16  0:51  SCV  
  17  1:03  SCV  
  18  1:15  SCV  
  19  1:27  Reaper, Orbital Command  
  20  1:38  Command Center  
  20  1:48  Supply Depot  
  20  1:53  SCV  
  21  1:59  Marine  
  22  2:05  SCV  
  23  2:12  Factory  
  23  2:17  SCV  
  25  2:24  Barracks Reactor  
  25  2:29  SCV  
  25  2:36  Command Center  
  25  2:41  SCV  
  26  2:51  Orbital Command  
  26  2:53  SCV  
  26  2:57  Refinery  
  27  3:01  Starport  
  27  3:08  SCV  
  27  3:11  Hellion  
  30  3:15  Barracks Tech Lab  
  30  3:17  SCV  
  31  3:20  SCV  
  32  3:30  SCV  
  32  3:33  Hellion x2  
  37  3:37  Viking  
  37  3:38  SCV  
  39  3:44  Marine  
  39  3:45  SCV  
  39  3:47  Stimpack  
  41  3:49  Orbital Command  
  41  3:50  SCV  
  42  3:57  SCV  
  42  3:58  Hellion  
  42  3:59  Supply Depot  
  42  4:01  Hellion  
  48  4:02  SCV  
  48  4:09  SCV, Marine  
  50  4:14  SCV  
  50  4:15  Liberator, SCV  
  55  4:21  Supply Depot, SCV  
  56  4:25  Hellion  
  56  4:26  SCV  
  56  4:28  SCV  
  56  4:29  Hellion  
  62  4:34  SCV  
  62  4:35  Refinery  
  63  4:40  SCV  
  63  4:44  Engineering Bay  
  64  4:45  Engineering Bay  
  64  4:46  Supply Depot  
  64  4:47  SCV  
  64  4:48  SCV  
  66  4:57  Barracks  
  66  5:00  Barracks  
  66  5:01  SCV  
  66  5:02  Factory Reactor  
  66  5:03  Bunker, Starport Reactor  
  66  5:04  SCV x2  
  69  5:12  Terran Infantry Armor Level 1, Terran Infantry Weapons Level 1  
  69  5:13  SCV  
  70  5:16  SCV, Marine  
  70  5:17  SCV  
  71  5:23  Bunker, Factory Tech Lab  
  71  5:25  SCV  
  71  5:26  Bunker  
  71  5:28  SCV  
  73  5:30  SCV  
  73  5:34  Marine  
  69  5:37  SCV  
  69  5:40  SCV  
  66  5:43  SCV  
  66  5:46  Medivac  
  66  5:49  Medivac  
  70  5:51  SCV  
  70  5:52  Marine  
  70  5:55  Supply Depot  
  72  6:00  Barracks Reactor  
  71  6:16  Marine  
  53  6:29  Siege Tank  
  46  6:34  Marine  
  46  6:37  Marine x3  
  46  6:38  Medivac  
  51  6:47  SCV  
  51  6:49  SCV  
  51  6:51  Marine  
  51  6:52  Marine  
  48  6:55  Marine x2  
Tags
 
Add a new tag
Caveats
  • Supply blocks, unpowered buildings, or Contaminate may cause inaccurate times.
  • Supply counts are checked every 10 seconds.